 Dungeon Crawl Stone Soup version 0.26-a0-712-ga5a9c9c9d0 (webtiles) character file.

Game seed: 9564396716538380603

127 kae the Insei (level 5, -5/34 HPs)
             Began as an Octopode Transmuter on Nov 6, 2020.
             Killed by divine providence
             ... invoked by an orc priest
              (12 damage)
             ... on level 2 of the Dungeon.
             The game lasted 00:01:26 (2333 turns).

kae the Insei (Octopode Transmuter)                 Turns: 2333, Time: 00:01:27

Health: -5/34      AC:  2    Str: 11    XL:     5   Next: 11%
Magic:  2/8        EV: 20    Int: 15    God:
Gold:   78         SH:  0    Dex: 17    Spells: 4/8 levels left

rFire    . . .     SeeInvis .     - Unarmed
rCold    . . .     Faith    .   (shield currently unavailable)
rNeg     . . .     Spirit   .   (helmet currently unavailable)
rPois    x         Reflect  .   (no amulet)
rElec    .         Harm     .   (no ring)
rCorr    .         Rampage  .   (no ring)
MR       .....                  (no ring)
Stlth    ++........             (no ring)
HPRegen  0.11/turn              (no ring)
MPRegen  0.11/turn              (no ring)
                                (no ring)
                                (no ring)

@: spider-form (expiring), very slightly contaminated
A: tiny, almost no armour, stealthy swim, (amphibious), 8 rings, (constrict 8)
a: End Transformation


You were on level 2 of the Dungeon.
You were a venomous arachnid creature.
You visited 1 branch of the dungeon, and saw 3 of its levels.

You collected 78 gold pieces.

Inventory:

Armour
 d - a +2 hat (melded)
Scrolls
 a - a scroll of magic mapping {unknown}
 c - 3 scrolls of remove curse {unknown}
 e - 2 scrolls of fear {unknown}
 g - a scroll of amnesia {unknown}
 h - a scroll of teleportation {unknown}
 j - a scroll of identify {unknown}
Potions
 b - a potion of degeneration {unknown}
 f - a potion of might {unknown}
 i - 3 potions of brilliance {unknown}
 k - a potion of flight {unknown}


   Skills:
 + Level 1.8 Fighting
 + Level 2.6 Dodging
 * Level 3.9 Unarmed Combat
 + Level 2.4 Spellcasting
 * Level 3.2 Transmutations


You had 4 spell levels left.
You knew the following spells:

 Your Spells              Type           Power        Failure   Level
a - Beastly Appendage     Tmut           ##....       16%         1
b - Spider Form           Tmut/Pois      #.........   54%         3

Your spell library contained the following spells:

 Spells                   Type           Power        Failure   Level
 Wereblood                Tmut           ##......     22%         2
 Ice Form                 Ice/Tmut       #.......     88%         4
 Blade Hands              Tmut           ##........   94%         5


Dungeon Overview and Level Annotations

Branches:
Dungeon (3/15)

Altars:
Fedhas

Annotations:
D:2 1 runed translucent door, Crazy Yiuf


Innate Abilities, Weirdness & Mutations

You cannot wear most types of armour.
You are very stealthy in the water. (Stealth+)
((You are amphibious.))
You can wear up to eight rings at the same time.
((You can use your tentacles to constrict eight enemies at once.))
((Your skin changes colour to match your surroundings (Stealth+).))
((Your rubbery body absorbs attacks. (AC +1, EV +1)))


Message History

You completely miss the orc wizard.
The orc wizard is moderately wounded.
The orc wizard hits you with a +0 dagger.
* * * LOW HITPOINT WARNING * * *
You barely miss the orc wizard.
The orc wizard is moderately wounded.
The orc barely misses you.
The orc wizard hits you but does no damage.
You hit the orc wizard.
The orc wizard looks even sicker.
The orc wizard is severely wounded.
The orc closely misses you.
The orc wizard mumbles some strange words.
The orc wizard seems to speed up.
You hit the orc wizard.
You kill the orc wizard!
You have reached level 5!
You feel stronger.
The orc priest invokes the aid of Beogh against you.
Beogh smites you!
You die...

#####...##
#.o.......
#.#.......
#)#.......
#o#.......
#.#.......#.#
#o#oo.....#.#
#.#.o.....#.#
#s#.......#.#
#.##.....##.#
#.###$o$###.#
#..#######..######
##................
#####......######
########


You could see an orc priest and 2 orcs.

Vanquished Creatures
  An orc wizard (D:2)
  Ijyb (D:3)
  3 adders (D:2)
  An ooze (D:1)
  2 dart slugs (D:1)
  2 bats (D:1)
  2 giant cockroaches
  5 hobgoblins
  7 jackals
  3 kobolds
  2 frilled lizards
  4 goblins
  3 rats (D:1)
36 creatures vanquished.

Vanquished Creatures (others)
  2 fungi (D:2)
2 creatures vanquished.

Grand Total: 38 creatures vanquished

Notes
Turn   | Place    | Note
-------+----------+-------------------------------------------
     0 | D:1      | kae the Octopode Transmuter began the quest for the Orb.
     0 | D:1      | Reached XP level 1. HP: 13/13 MP: 3/3
   311 | D:1      | Reached XP level 2. HP: 15/18 MP: 5/5
   724 | D:1      | Reached XP level 3. HP: 23/23 MP: 6/6
  1290 | D:2      | You fall into a shaft and drop 1 floor!
  1317 | D:3      | Noticed Ijyb
  1340 | D:3      | Killed Ijyb
  1340 | D:3      | Reached XP level 4. HP: 16/28 MP: 5/7
  1814 | D:2      | Found a runed translucent door.
  1815 | D:2      | Noticed Crazy Yiuf
  1841 | D:2      | Found a blossoming altar of Fedhas.
  2154 | D:2      | Found a faded altar of an unknown god.
  2315 | D:2      | Learned a level 3 spell: Spider Form
  2329 | D:2      | Reached XP level 5. HP: 6/34 MP: 2/8
  2333 | D:2      | Killed from afar by an orc priest

Illustrated notes

Levels and vault maps discovered:
D:1:      wander_arrival_estate, layout_basic, glass_columns_a, minivault_14
D:2:      cheibrodos_pilgrimage, layout_basic, marbit_many_paths,
          chequers_ecumenical_altar_twisty, mrwooster_statue_mirror,
          uniq_natasha, uniq_crazy_yiuf_cottage
D:3:      layout_rooms, ashenzari_altar_1, minmay_misc_feat_tiny, uniq_ijyb

Skill      XL: |  1  2  3  4 |
---------------+-------------+-----
Transmutations | 3 |  3.2
Fighting       | |  1.8
Dodging        | |  2.6
Unarmed Combat | |  3.9
Spellcasting   | |  2.4

Action                   |  1- 3 |  4- 6 || total
-------------------------+-------+-------++-------
Melee: Unarmed           |    86 |    30 ||   116
       Constrict         |    17 |     5 ||    22
       Kick              |    17 |     2 ||    19
       Tentacles         |     8 |     4 ||    12
       Punch             |     1 |       ||     1
 Cast: Beastly Appendage |    14 |     3 ||    17
       Spider Form       |       |     1 ||     1
  Use: Potion            |     5 |       ||     5
 Stab: Sleeping          |     3 |       ||     3
Armor: Skin              |    10 |       ||    10
Dodge: Dodged            |    63 |    20 ||    83

Table legend: (Time is in decaauts)
 A = Elapsed time spent in this place.
 B = Non-inter-level travel time spent in this place.
 C = Inter-level travel time spent in this place.
 D = Time resting spent in this place.
 E = Time spent auto-exploring this place.
 F = Levels seen in this place.
 G = Mean time per level.
                   A        B        C        D        E       F      G
               +--------+--------+--------+--------+--------+-----+--------+
         Total |   2291 |   2278 |     13 |    286 |   1690 |   3 |  763.7 |
       Dungeon |   2291 |   2278 |     13 |    286 |   1690 |   3 |  763.7 |
               +--------+--------+--------+--------+--------+-----+--------+

Top non-repeatable levels by time:
     D:1: 1208 daAuts
     D:2: 1031 daAuts
     D:3: 51 daAuts
